 Dungeon Crawl Stone Soup version 0.31-a0-609-g7bf6ffcfed (webtiles) character file.

Game seed: 7190474290379407229

82625 Pooter the Severer (level 15, -1/141 HPs)
             Began as a Minotaur Berserker on Aug 21, 2023.
             Was a High Priest of Trog.
             Slain by Saint Roka
             ... wielding a +0 war axe
              (12 damage)
             ... on level 2 of the Orcish Mines on Aug 22, 2023.
             The game lasted 02:14:23 (25784 turns).

Pooter the Severer (Minotaur Berserker)            Turns: 25784, Time: 02:14:24

Health: -1/141     AC: 23    Str: 27    XL:     15   Next: 30%
Magic:  14/14      EV: 13    Int:  6    God:    Trog [*****.]
Gold:   3668       SH:  0    Dex: 10    Spells: 14/14 levels left

rFire   . . .        a - +2 battleaxe (heavy)
rCold   . . .        (shield currently unavailable)
rNeg    . . .        s - +4 plate armour
rPois   .            (helmet restricted)
rElec   +            j - scarf {harm}
rCorr   .            O - +2 pair of gloves
SInv    +            R - +0 pair of boots {Stlth+}
Will    +++..        p - amulet of Muefolug {Acrobat Rampage rElec Regen+ Stlth+} Stlth
                     S - ring of see invisible
HPRegen 2.23/turn    H - +5 ring of evasion
MPRegen 0.14/turn

%: harm (+30% outgoing, +20% incoming), acrobat, rampage
@: strong-willed, on berserk cooldown, regenerating, slowed, very slow
A: horns 2, retaliatory headbutt
a: Renounce Religion, Berserk, Trog's Hand, Brothers in Arms


You were on level 2 of the Orcish Mines.
You worshipped Trog.
Trog was extremely pleased with you.
You visited 3 branches of the dungeon, and saw 18 of its levels.
You also visited: Gauntlet.

You collected 3668 gold pieces.

Inventory:

Hand Weapons
 a - a +2 heavy battleaxe (weapon)
   (You took it off an orc warlord on level 1 of the Orcish Mines)
 b - a +0 orcbow of draining
   (You took it off a centaur on level 7 of the Dungeon)
 g - a +3 orcbow
   (You took it off a spriggan on level 5 of the Lair of Beasts)
 M - a +1 battleaxe
   (You took it off an orc warrior on level 10 of the Dungeon)
 T - a +0 broad axe
   (You took it off a death knight on level 10 of the Dungeon)
 W - a +1 dire flail of holy wrath
   (You took it off an orc warrior on level 10 of the Dungeon)
Missiles
 i - 3 throwing nets {!f}
 o - 9 silver javelins
 w - 30 poisoned darts
 J - 26 boomerangs (quivered)
Armour
 j - a scarf of harm (worn)
   (You found it on level 1 of the Dungeon)
 s - a +4 plate armour (worn)
   (You found it on level 3 of the Dungeon)
 O - a +2 pair of gloves (worn)
   (You found it on level 10 of the Dungeon)
 Q - a +2 plate armour of fire resistance
   (You took it off an orc warrior on level 10 of the Dungeon)
 R - a +0 pair of boots of stealth (worn)
   (You found it in a Gauntlet)
 U - a +1 cloak of poison resistance
   (You found it in a Gauntlet)
Jewellery
 p - the amulet of Muefolug (around neck) {Acrobat Rampage rElec Regen+ Stlth+}
   (You acquired it on level 8 of the Dungeon)

   [amulet of the acrobat]

   Acrobat:   It increases your evasion while moving and waiting.
   rElec:     It insulates you from electricity.
   Regen+:    It increases your rate of health regeneration.
   Rampage:   It bestows one free step when moving towards enemies.
   Stlth+:    It makes you more stealthy.
 y - a ring of flight
   (You found it in a Gauntlet)
 C - a ring of resist corrosion
   (You took it off an orc warrior on level 10 of the Dungeon)
 F - a ring of protection from fire
   (You took it off an orc warrior on level 9 of the Dungeon)
 H - a +5 ring of evasion (right hand)
   (You found it on level 6 of the Dungeon)
 N - a ring of positive energy
   (You took it off a centaur warrior on level 10 of the Dungeon)
 P - a ring of poison resistance
   (You found it on level 4 of the Dungeon)
 S - a ring of see invisible (left hand)
   (You found it on level 11 of the Dungeon)
 V - a ring of ice
   (You took it off an orc warrior on level 10 of the Dungeon)
Wands
 c - a wand of polymorph (5)
   (You found it on level 3 of the Lair of Beasts)
 d - a wand of iceblast (8)
   (You found it on level 9 of the Dungeon)
 f - a wand of flame (22)
   (You found it on level 9 of the Dungeon)
 u - a wand of paralysis (14)
   (You found it on level 2 of the Dungeon)
 x - a wand of acid (4)
   (You found it on level 3 of the Lair of Beasts)
Scrolls
 k - a scroll of silence
 m - 3 scrolls of poison {!r}
 q - 2 scrolls of revelation
 t - 5 scrolls of teleportation {@r4}
 v - 3 scrolls of blinking
 z - 3 scrolls of immolation {!r}
 I - 4 scrolls of vulnerability {!r}
 X - 4 scrolls of fear
Potions
 e - 4 potions of enlightenment
 h - 3 potions of might
 l - 8 potions of curing {@q1}
 n - 2 potions of attraction {!q}
 r - 2 potions of resistance {unknown}
 A - 5 potions of heal wounds {@q2}
 B - 2 potions of haste {@q3}
 D - 5 potions of cancellation
 G - a potion of lignification {unknown}
 K - 2 potions of mutation {!q}
 L - a potion of invisibility {unknown}
 Y - a potion of brilliance {unknown}
Miscellaneous
 E - a phantom mirror
   (You found it on level 10 of the Dungeon)
 Z - a sack of spiders (inert)
   (You found it on level 10 of the Dungeon)


   Skills:
 + Level 15.1 Fighting
 * Level 19.1 Axes
 - Level 16.0 Ranged Weapons
 + Level 10.1 Armour
 - Level 2.1 Dodging
 - Level 3.3 Stealth
 + Level 7.4 Evocations


You had 14 spell levels left.
You didn't know any spells.
Your spell library was empty.

Dungeon Overview and Level Annotations

Branches:
Dungeon (11/15) Zot: 23262  Temple (0/1) D:7            Lair (5/5) D:10 Zot: 22877
 Shoals (0/4) Lair:2       Spider (0/4) Lair:2        Slime (0/5) Lair:5
    Orc (2/2) D:10 Zot: 7974     Elf (0/3) Orc:2       Gauntlet (visited)

Altars:
Makhleb
Yredelemnul
Zin
Jiyva
Lugonu

Shops:
D:10 [   Orc:1 [   Orc:2 (:(

Portals:
Abyss: Lair:5

Annotations:
D:7 2 transporters, exclusion: ice statue, baller8008's ghost, novice MiFi
Lair:1 2 transporters, dxb338's ghost, journeyman FeSh
Orc:2 Saint Roka


Innate Abilities, Weirdness & Mutations

You have a pair of horns on your head.
You reflexively headbutt those who attack you in melee.


Message History

Saint Roka shoots a bolt.
The bolt misses you.
You climb upwards.
There is a stone staircase leading down, spattered with blood here.
You see here a +2 heavy battleaxe.
You start resting.
You feel the effects of Trog's Hand fading.
You start resting.
Your skin stops crawling.
You feel less strong-willed.
You start resting.
Your skin crawls.
You feel strong-willed.
You climb downwards.
Level annotation: Saint Roka
There is a stone staircase leading up, spattered with blood here.
A red film seems to cover your vision as you go berserk!
You feel yourself moving faster!
You feel mighty!
Saint Roka shoots a bolt.
The bolt closely misses you.
You feel a strong urge to attack something.
Saint Roka shoots a bolt.
The bolt hits you!
Items here: )) [ ÷ †.
You feel your anger nearly subside.
You are no longer berserk.
You are exhausted.
You feel yourself slow down.
Saint Roka unwields a +0 arbalest.
Saint Roka wields a +0 war axe.
Saint Roka hits you with a +0 war axe!
You slice Saint Roka!! Saint Roka closely misses you.
Saint Roka hits you with a +0 war axe!
You slice Saint Roka!! You headbutt Saint Roka!
Saint Roka hits you with a +0 war axe!!
You slash Saint Roka! Saint Roka hits you with a +0 war axe!!
* * * LOW HITPOINT WARNING * * *
Saint Roka mumbles some strange prayers to Beogh against you.
Beogh smites you!
* * * LOW HITPOINT WARNING * * *
You slash Saint Roka!
You headbutt Saint Roka, but do no damage.
Saint Roka hits you with a +0 war axe.
* * * LOW HITPOINT WARNING * * *
Saint Roka hits you but does no damage.
You cut Saint Roka into ribbons!!! You headbutt Saint Roka!
Saint Roka hits you but does no damage.
You hit Saint Roka. Saint Roka hits you with a +0 war axe!
* * * LOW HITPOINT WARNING * * *
Saint Roka hits you with a +0 war axe.
* * * LOW HITPOINT WARNING * * *
You slash Saint Roka! Saint Roka hits you with a +0 war axe.
* * * LOW HITPOINT WARNING * * *
Saint Roka hits you with a +0 war axe!
You die...
Saint Roka roars, "Praise to Beogh!"

#.##.......#..).#...#............
..........#.....#.8_#............
.##....#.#.....'.. #............
##....[..)...#####........<...
#.[#[#[.....................
#)[#[[)[.[[..<.[...........
#)<.[)[..)[).).............
###....[)...[)#####........
##.#.....)..@..#...#....####
#....#####.[o..#.8.#....'.
#...##...##.)..'...#....#.
##.##.....##[))#####.#..#####
#.#.......#).[..............
#.#∩._8...#......>.......###
#.#.......'.#............#.#
#.##.....##.................
#..##...##..........##......


You could see Saint Roka.

Vanquished Creatures
  Jorgrun (Orc:1)
  A stone giant (D:10)
  An orc warlord (Orc:1)
  A minotaur (Gauntlet)
  Harold (Orc:1)
  6 hydras
  Fannar (Lair:3)
  2 centaur warriors (D:10)
  A death knight (D:10)
  4 two-headed ogres
  3 boulder beetles (D:10)
  A catoblepas (Gauntlet)
  An ogre mage (D:10)
  6 death yaks
  3 thrashing horrors (Lair:5)
  3 orc high priests
  2 skysharks (Lair:4)
  A wizard (D:9)
  A lindwurm (Lair:1)
  A steelbarb worm (shapeshifter) (Lair:5)
  4 orc knights
  An oklob plant (D:10)
  2 ugly things
  A manticore (D:11)
  3 cyclopes
  14 elephants
  7 black mambas
  A merfolk siren (Lair:2)
  3 gargoyles
  9 cane toads
  An efreet (D:10)
  A rime drake (Lair:5)
  A kobold demonologist (D:11)
  An unseen horror (D:10)
  3 tengu conjurers
  11 komodo dragons
  A yaktaur (shapeshifter) (D:9)
  2 freezing wraiths
  A queen bee (Gauntlet)
  10 trolls
  A hornet (D:9)
  Grinder (D:6)
  31 blink frogs
  3 polar bears (Lair:3)
  A raiju (Lair:5)
  4 dream sheep (Lair:5)
  2 jumping spiders (Lair:2)
  3 slime creatures (D:11)
  A spriggan (shapeshifter) (Lair:5)
  2 spriggans (Lair:5)
  3 wraiths
  2 shadows (D:10)
  2 vampires
  A yak (shapeshifter) (Lair:5)
  4 wyverns
  9 small abominations (Lair:5)
  54 yaks
  13 basilisks
  2 redbacks (Lair:2)
  2 chaos spawn (Lair:5)
  A vampire mosquito (D:10)
  3 wargs (Orc:2)
  2 acid dragons
  10 water moccasins
  48 orc warriors
  A black bear (shapeshifter) (Lair:5)
  3 large abominations (Lair:5)
  A black bear (D:6)
  A sky beast (D:6)
  9 ogres
  14 wolves
  3 centaurs
  3 phantoms
  14 bullfrogs
  2 kobold brigands
  2 scorpions
  2 gnoll sergeants
  4 wights
  8 killer bees
  2 howler monkeys
  6 electric eels
  2 lava snakes (Lair:2)
  The ghost of bahustanut the Grave Robber, a weakling DENe (D:3)
  2 jellies
  2 hounds (D:4)
  29 orc priests
  2 gnoll boudas
  Jessica (D:2)
  Terence (D:3)
  3 iguanas
  24 orc wizards
  Natasha (thrice) (D:2)
  A mummy (D:7)
  Robin (D:2)
  15 gnolls
  9 adders
  3 dart slugs
  89 orcs
  10 ball pythons
  3 endoplasms
  2 giant cockroaches
  13 goblins
  5 hobgoblins
  6 jackals
  20 kobolds
  7 quokkas
  3 bats
  4 frilled lizards
  A kobold zombie (D:7)
  3 orc zombies (D:7)
  3 rats
666 creatures vanquished.

Vanquished Creatures (collateral kills)
  An orc warrior (Orc:2)
1 creature vanquished.

Grand Total: 667 creatures vanquished

Notes
Turn   | Place    | Note
-------+----------+-------------------------------------------
     0 | D:1      | Pooter the Minotaur Berserker began the quest for the Orb.
     0 | D:1      | Reached XP level 1. HP: 19/19 MP: 0/0
   212 | D:1      | Found a faded altar of an unknown god.
   327 | D:1      | Reached XP level 2. HP: 27/27 MP: 1/1
   332 | D:1      | Reached skill level 4 in Axes
   409 | D:1      | Reached skill level 1 in Stealth
   686 | D:2      | Noticed Robin
   690 | D:2      | Reached ** piety under Trog
   691 | D:2      | Reached XP level 3. HP: 33/33 MP: 2/2
   693 | D:2      | Killed Robin
   825 | D:2      | Noticed Natasha
   833 | D:2      | Killed Natasha
   834 | D:2      | Reached XP level 4. HP: 36/40 MP: 3/3
   892 | D:2      | Noticed Natasha
   894 | D:2      | Killed Natasha
   900 | D:2      | Noticed Jessica
   914 | D:2      | Noticed Natasha
   921 | D:2      | Killed Jessica
   922 | D:2      | Reached skill level 5 in Axes
   923 | D:2      | Killed Natasha
   924 | D:2      | Reached XP level 5. HP: 47/47 MP: 4/4
  1183 | D:3      | Noticed Terence
  1187 | D:3      | Killed Terence
  1422 | D:3      | Found a runed translucent door.
  1422 | D:3      | Noticed bahustanut's ghost (weakling DENe)
  1431 | D:3      | Killed bahustanut's ghost
  1663 | D:3      | Reached XP level 6. HP: 55/55 MP: 5/5
  1961 | D:4      | Reached skill level 5 in Fighting
  1961 | D:4      | Reached skill level 6 in Axes
  2109 | D:4      | Reached *** piety under Trog
  2142 | D:4      | Reached skill level 1 in Ranged Weapons
  2549 | D:4      | Reached XP level 7. HP: 54/61 MP: 6/6
  2635 | D:5      | Entered Level 5 of the Dungeon
  2827 | D:5      | Reached skill level 7 in Axes
  3355 | D:6      | Noticed Grinder
  3364 | D:6      | Killed Grinder
  3365 | D:6      | Reached skill level 8 in Axes
  3365 | D:6      | Reached XP level 8. HP: 70/70 MP: 7/7
  3435 | D:6      | Reached skill level 5 in Ranged Weapons
  3876 | D:6      | Reached skill level 9 in Axes
  3971 | D:7      | Found a staircase to the Ecumenical Temple.
  4140 | D:7      | Found a burning altar of Makhleb.
  4140 | D:7      | Found a glowing silver altar of Zin.
  4140 | D:7      | Found a basalt altar of Yredelemnul.
  4369 | D:7      | Found a transporter.
  4377 | D:7      | Noticed a cyclops
  4405 | D:7      | Reached XP level 9. HP: 79/79 MP: 8/8
  4492 | D:7      | Noticed baller8008's ghost (novice MiFi)
  4579 | D:7      | Found a transporter.
  4626 | D:7      | You fall into a shaft and drop 3 floors!
  4626 | D:10     | Entered Level 10 of the Dungeon
  4700 | D:8      | Reached skill level 10 in Axes
  4752 | D:8      | Identified a scroll of acquirement
  4752 | D:8      | Acquired the amulet of Muefolug {Acrobat Rampage rElec
                  | Regen+ Stlth+}
  4910 | D:7      | Noticed an ice statue
  5615 | D:9      | Reached skill level 11 in Axes
  5687 | D:9      | Reached XP level 10. HP: 90/90 MP: 9/9
  6100 | D:9      | Reached **** piety under Trog
  6178 | D:9      | Reached skill level 12 in Axes
  6312 | D:9      | Reached skill level 10 in Ranged Weapons
  6621 | D:10     | Noticed a centaur warrior
  6628 | D:10     | Noticed a centaur warrior
  6629 | D:10     | Noticed a two-headed ogre
  6632 | D:10     | Killed a centaur warrior
  6633 | D:10     | Reached skill level 13 in Axes
  6644 | D:10     | Found Numof Sytzunt's Antique Armour Emporium.
  6648 | D:10     | Noticed a boulder beetle
  6660 | D:10     | Killed a boulder beetle
  6661 | D:10     | Reached XP level 11. HP: 99/99 MP: 10/10
  6670 | D:10     | Noticed an ogre mage
  6671 | D:10     | Paralysed by an ogre mage for 5 turns
  6680 | D:10     | Killed an ogre mage
  6681 | D:10     | Reached skill level 10 in Fighting
  6854 | D:10     | Killed a two-headed ogre
  6885 | D:10     | Noticed a death knight
  7238 | D:10     | Noticed a seven-headed hydra
  7241 | D:10     | Noticed a fire crab
  7242 | D:10     | Noticed a five-headed hydra
  7302 | D:10     | Noticed a boulder beetle
  7371 | D:9      | Reached skill level 14 in Axes
  7417 | D:10     | Killed a boulder beetle
  7529 | D:10     | Noticed a brown ugly thing
  7536 | D:9      | Killed a brown ugly thing
  7682 | D:10     | Noticed a wizard
  7695 | D:9      | Killed a seven-headed hydra
  7750 | D:9      | Killed a five-headed hydra
  7808 | D:9      | Killed a wizard
  7921 | D:10     | Reached skill level 15 in Axes
  7921 | D:10     | Noticed a boulder beetle
  8005 | D:10     | Reached XP level 12. HP: 110/110 MP: 11/11
  8005 | D:10     | Noticed a two-headed ogre
  8054 | D:10     | Killed a two-headed ogre
  8113 | D:10     | Noticed a two-headed ogre
  8122 | D:10     | Killed a two-headed ogre
  8285 | D:10     | Killed a boulder beetle
  8442 | D:10     | Noticed a stone giant
  8452 | D:10     | Killed a stone giant
  8595 | D:10     | Noticed a seven-headed hydra
  8603 | D:10     | Killed a seven-headed hydra
  9385 | D:10     | Killed a centaur warrior
  9778 | D:10     | Reached skill level 16 in Axes
 11138 | D:10     | Killed a death knight
 11220 | D:10     | Reached skill level 1 in Evocations
 11406 | D:10     | Found a staircase to the Orcish Mines.
 11561 | D:10     | Found a staircase to the Lair.
 11832 | D:10     | Upgraded the game from 0.31-a0-596-g831eee08f1 to
                  | 0.31-a0-609-g7bf6ffcfed
 11869 | Lair:1   | Entered Level 1 of the Lair of Beasts
 12533 | Lair:1   | Noticed dxb338's ghost (journeyman FeSh)
 12542 | Lair:1   | Noticed a six-headed hydra
 12543 | Lair:1   | Noticed a death yak
 12544 | Lair:1   | Found a transporter.
 12547 | Lair:1   | Found a transporter.
 12584 | Lair:1   | Reached XP level 13. HP: 119/119 MP: 12/12
 12679 | Lair:1   | Reached skill level 5 in Armour
 13027 | Lair:2   | Reached skill level 15 in Ranged Weapons
 13316 | Lair:2   | Found a staircase to the Shoals.
 13453 | Lair:2   | Found a hole to the Spider Nest.
 15140 | Lair:3   | Noticed Fannar
 15150 | Lair:3   | Killed Fannar
 15725 | Lair:4   | Found a gate leading to a gauntlet.
 15730 | Gauntlet | Entered a Gauntlet
 15730 | Gauntlet | Found a transporter.
 15733 | Gauntlet | Found a transporter.
 15735 | Gauntlet | Found a transporter.
 15760 | Gauntlet | Found a transporter.
 15834 | Gauntlet | Found a transporter.
 16085 | Gauntlet | Found a transporter.
 16086 | Gauntlet | Found a transporter.
 16088 | Gauntlet | Noticed a green death
 16114 | Gauntlet | Found a transporter.
 16131 | Gauntlet | Noticed a minotaur
 16137 | Gauntlet | Killed a minotaur
 16194 | Lair:4   | Reached XP level 14. HP: 125/127 MP: 13/13
 16207 | Lair:4   | Reached skill level 5 in Evocations
 16422 | Lair:4   | Reached skill level 17 in Axes
 16907 | Lair:5   | Entered Level 5 of the Lair of Beasts
 17985 | Lair:5   | Found a viscous altar of Jiyva.
 17986 | Lair:5   | Found a staircase to the Slime Pits.
 18673 | Lair:5   | Reached skill level 18 in Axes
 19025 | Lair:5   | Found a corrupted altar of Lugonu.
 19025 | Lair:5   | Found a one-way gate to the infinite horrors of the Abyss.
 21774 | Orc:1    | Entered Level 1 of the Orcish Mines
 22103 | Orc:1    | Noticed an orc warlord
 22114 | Orc:1    | Killed an orc warlord
 22276 | Orc:1    | Reached XP level 15. HP: 139/139 MP: 14/14
 22410 | Orc:2    | Entered Level 2 of the Orcish Mines
 22579 | Orc:2    | Found Efusothrawn's Book Boutique.
 22623 | Orc:2    | Noticed Jorgrun
 22747 | Orc:1    | Killed Jorgrun
 22932 | Orc:2    | Reached ***** piety under Trog
 24267 | Orc:2    | Found a staircase to the Elven Halls.
 24508 | Orc:1    | Found Fiploattif's Armour Shop.
 24516 | Orc:1    | Noticed Harold
 24530 | Orc:1    | Killed Harold
 24625 | Orc:1    | Reached skill level 19 in Axes
 24629 | Orc:1    | Reached skill level 15 in Fighting
 25009 | Orc:2    | Reached skill level 10 in Armour
 25009 | Orc:2    | Found Dapla's Antique Weapon Boutique.
 25212 | Orc:2    | Found Arricem's Weapon Shop.
 25244 | Orc:2    | Noticed Saint Roka
 25497 | Orc:1    | Received a gift from Trog
 25784 | Orc:2    | Slain by Saint Roka

Illustrated notes

Levels and vault maps discovered:
D:1:      lemuel_arrival_behind_the_door_large, layout_basic,
          basic_ecumenical_altar, minmay_box_of_dots
D:2:      layout_rooms, uniq_robin, uniq_jessica, uniq_natasha
D:3:      layout_basic, ebering_ghost_reflecting_pool, uniq_terence
D:4:      layout_cave_pools
D:5:      nicolae_cairo_tiling_large_dashed, layout_rooms,
          minmay_misc_feat_encased
D:6:      layout_basic, serial_rivers, chequers_serial_rivers_micro_c,
          chequers_serial_rivers_marsh, chequers_serial_rivers_small_a,
          chequers_serial_rivers_micro_e, chequers_serial_rivers_room_b,
          chequers_serial_rivers_room_b, minmay_stone_trees_medium,
          minmay_hedge_maze, uniq_grinder
D:7:      layout_basic, gammafunk_temple_overflow_claw,
          minmay_temple_entry_overgrown, nzn_ghost_randoct, minmay_mini_ossuary
D:8:      layout_basic, chequers_serial_rivers_small_b
D:9:      layout_basic, hangedman_decor_peaks_small
D:10:     minmay_the_grid_square_5x5_4x4
          [minmay_the_grid_square_5x5_eight_small,
          minmay_the_grid_square_5x5_two, minmay_the_grid_square_5x5_checkered,
          minmay_the_grid_square_5x5_plus, minmay_the_grid_square_5x5_bridge,
          minmay_the_grid_square_5x5_prize_monsterx,
          minmay_the_grid_square_5x5_prize_snowflake,
          minmay_the_grid_square_5x5_tri_point,
          minmay_the_grid_square_5x5_moneybag,
          minmay_the_grid_square_5x5_prize_junk,
          minmay_the_grid_square_5x5_prize_gold,
          minmay_the_grid_square_5x5_minivault,
          minmay_the_grid_square_5x5_hourglass,
          minmay_the_grid_square_5x5_inset, minmay_the_grid_square_5x5_spiral,
          minmay_the_grid_square_5x5_three], layout_cave_pools,
          dpeg_oklobed_lair, orc_0_dummy, serial_shops, shop_statue,
          minivault_28
D:11:     layout_roguey [special_room_orc]
Lair:1:   layout_regular_city, gammafunk_ghost_arena,
          nicolae_lair_grazing_beasts [nicolae_sub_lair_graze_edge,
          nicolae_sub_lair_graze_edge, nicolae_sub_lair_graze_edge,
          nicolae_sub_lair_graze_edge]
Lair:2:   layout_chaotic_city, elwin_shoals_entry_rooms,
          spider_nest_entry_funnel_web, nicolae_lair_grove_arrangements,
          nicolae_lair_liquid_snakes
Lair:3:   layout_regular_city, serial_bayou, serial_bayou_pond_e,
          serial_bayou_shore_a, serial_bayou_crossing, serial_bayou_lagoon_a,
          uniq_fannar
Lair:4:   layout_misc_corridors, gauntlet_entry_generic, grunt_megastairs_2,
          serial_bayou_shore_b, infiniplex_staircase_pool
Lair:5:   hellmonk_lair_end_abyssal_woods, layout_cave_pods, slime_entry_1
Orc:1:    layout_caves, basic_altar, serial_shops, shop, uniq_harold
Orc:2:    grunt_orc_community_town_hall, layout_caves,
          grunt_orc_community_big_house_1, grunt_orc_community_big_house_1,
          grunt_orc_community_house_1, grunt_orc_community_house_2,
          grunt_orc_community_house_2, grunt_orc_community_house_2,
          grunt_orc_community_house_1, grunt_orc_community_house_1,
          serial_shops, shop, uniq_jorgrun

Skill      XL: |  1  2  3  4  5  6  7  8  9 10 11 12 13 14 15 |
---------------+----------------------------------------------+-----
Axes           | 4 5 6 8 9 11 13 15 16 18 19 | 19.1
Stealth        | 1 2 3 |  3.3
Fighting       | 4 5 6 7 8 9 11 12 13 14 15 | 15.1
Ranged Weapons | 2 4 6 8 10 12 14 16 | 16.0
Armour         | 4 7 9 10 | 10.1
Evocations     | 2 4 6 7 |  7.4
Dodging        | |  2.1

Action                     |  1- 3 |  4- 6 |  7- 9 | 10-12 | 13-15 || total
---------------------------+-------+-------+-------+-------+-------++-------
  Melee: Hand axe          |    50 |    43 |    41 |    15 |       ||   149
         Headbutt          |    12 |    11 |    30 |    80 |   131 ||   264
         Punch             |     1 |       |     2 |     8 |     2 ||    13
         Short sword       |       |    46 |       |       |       ||    46
         Trident           |       |       |   139 |    21 |       ||   160
         War axe           |       |       |       |   203 |       ||   203
         Broad axe         |       |       |       |    86 |    80 ||   166
         Battleaxe         |       |       |       |       |   538 ||   538
         Dire flail        |       |       |       |       |    13 ||    13
   Fire: Sling             |       |    19 |     4 |       |       ||    23
         Orcbow            |       |       |    42 |   107 |   500 ||   649
  Throw: Stone             |       |       |     5 |       |       ||     5
         Boomerang         |       |       |     1 |     9 |    10 ||    20
         Dart              |       |       |       |     9 |    42 ||    51
 Invoke: Berserk           |     1 |     4 |     4 |    23 |    11 ||    43
         Trog's Hand       |       |     1 |     5 |    19 |    43 ||    68
  Evoke: Wand              |       |       |     2 |     8 |     7 ||    17
    Use: Scroll            |     3 |     2 |    16 |     7 |    12 ||    40
         Potion            |       |     1 |       |       |       ||     1
   Stab: Sleeping          |     1 |     1 |       |       |       ||     2
         Paralysed         |       |       |     4 |     3 |     1 ||     8
         Distracted        |       |       |       |       |     1 ||     1
 Armour: Animal skin       |    19 |     1 |       |       |       ||    20
         Plate armour      |       |    55 |    69 |   177 |   375 ||   676
         Leather armour    |       |     4 |       |       |       ||     4
  Dodge: Dodged            |    28 |    52 |    97 |   203 |   469 ||   849

Table legend: (Time is in decaauts)
 A = Elapsed time spent in this place.
 B = Non-inter-level travel time spent in this place.
 C = Inter-level travel time spent in this place.
 D = Time resting spent in this place.
 E = Time spent auto-exploring this place.
 F = Levels seen in this place.
 G = Mean time per level.
                   A        B        C        D        E       F      G
               +--------+--------+--------+--------+--------+-----+--------+
         Total |  26150 |  25299 |    851 |  12207 |   8469 |  19 | 1376.3 |
       Dungeon |  14528 |  13957 |    571 |   7052 |   4540 |  11 | 1320.7 |
          Lair |   7122 |   6886 |    236 |   2220 |   3278 |   5 | 1424.4 |
  Orcish Mines |   4023 |   3981 |     42 |   2629 |    650 |   2 | 2011.5 |
      Gauntlet |    476 |    476 |      0 |    306 |      0 |   1 |  476.0 |
               +--------+--------+--------+--------+--------+-----+--------+

Top non-repeatable levels by time:
    D:10: 4311 daAuts
     D:9: 2498 daAuts
   Orc:2: 2482 daAuts
  Lair:5: 2480 daAuts
    D:11: 2024 daAuts
   Orc:1: 1541 daAuts
  Lair:2: 1411 daAuts
  Lair:3: 1245 daAuts
  Lair:1: 1153 daAuts
     D:7: 949 daAuts
     D:6: 834 daAuts
  Lair:4: 831 daAuts
     D:4: 772 daAuts
     D:3: 723 daAuts
     D:1: 690 daAuts
